 Dungeon Sprint DCSS version 0.23.1 (webtiles) character file.

Game seed: 1616006944186763977

2745 nuthulu the Grappler (level 9, -9/101 HPs)
             Began as a Troll Monk on Mar 4, 2019.
             Was the Champion of Qazlal.
             Mangled by a merfolk
             ... wielding a +0 trident
              (18 damage)
             ... in the Dungeon (Sprint VII: "The Pits").
             The game lasted 00:02:39 (686 turns).

nuthulu the Grappler (Troll Monk)                    Turns: 686, Time: 00:02:40

Health: -9/101     AC:  9    Str: 27    XL:     9   Next: 41%
Magic:  6/15       EV:  8    Int:  6    God:    Qazlal [******]
Gold:   0          SH:  0    Dex: 12    Spells: 8/8 levels left

rFire    . . .     SeeInvis .     - Unarmed
rCold    . . .     Gourm    +   (no shield)
rNeg     . . .     Faith    .   a - +0 robe
rPois    .         Spirit   .   (helmet restricted)
rElec    .         Reflect  .   (no cloak)
rCorr    .         Harm     .   (gloves unavailable)
MR       .....     NoTele   +   (boots unavailable)
Stlth    +.........             (no amulet)
HPRegen  0.66/turn              m - +3 ring of strength
MPRegen  0.14/turn              n - +3 ring of protection

@: held, repel missiles
A: large, unfitting armour, claws 3, fast metabolism 3, gourmand, regeneration
1, shaggy fur 1, tough skin 3
a: Upheaval, Elemental Force, Disaster Area, Renounce Religion


You were in the Dungeon.
You worshipped Qazlal.
Qazlal was exalted by your worship.
You were not hungry.

You visited 1 branch

Inventory:

Armour
 a - a +0 robe (worn)
Jewellery
 m - a +3 ring of strength (left claw)
 n - a +3 ring of protection (right claw)
Scrolls
 h - a scroll of blinking
 j - 3 scrolls of remove curse
 k - 5 scrolls of amnesia
 l - a scroll of summoning
Potions
 c - 6 potions of curing
 d - 9 potions of heal wounds
 e - 2 potions of haste
 f - 4 potions of magic
 g - 4 potions of berserk rage
 i - 2 potions of invisibility
 o - a potion of brilliance
Comestibles
 b - 9 rations


   Skills:
 + Level 9.8 Fighting
 + Level 9.8 Dodging
 - Level 1.0 Stealth
 + Level 11.4 Unarmed Combat
 + Level 9.7 Invocations


You had 8 spell levels left.
You didn't know any spells.
Your spell library was empty.

Dungeon Overview and Level Annotations

Branches:
Dungeon (1/1)

Altars:
Ashenzari
Cheibriados
Dithmenos
Elyvilon
Fedhas
Gozag
Hepliaklqana
Kikubaaqudgha
Makhleb
Nemelex Xobeh
Okawaru
Qazlal
Ru
Sif Muna
Trog
Uskayaw
Vehumet
Wu Jian
Xom
Yredelemnul
Zin
The Shining One
Beogh
Jiyva
Lugonu


Innate Abilities, Weirdness & Mutations

You are too large for most types of armour.
You have claws for hands.
Your metabolism is lightning-fast.
You like to eat raw meat.
Your natural rate of healing is unusually fast.
You are covered in fur. (AC +1)
You have extremely tough skin. (AC +3)


Message History

The jumping spider is engulfed in blazing flames.
The jumping spider pounces on you!
* * * LOW HITPOINT WARNING * * *
You are caught in a web!
The jumping spider barely misses you.
The merfolk hits you but does no damage.
Unknown command.
You feel much better.
The jumping spider is engulfed in blazing flames.
The jumping spider pounces on you!
* * * LOW HITPOINT WARNING * * *
You are even more entangled.
The jumping spider closely misses you.
The wolf spider is engulfed in freezing vapours.
The wolf spider hits you.
* * * LOW HITPOINT WARNING * * *
The wolf spider bites you.
* * * LOW HITPOINT WARNING * * *
The merfolk hits you from afar with a +0 trident!
* * * LOW HITPOINT WARNING * * *
The merfolk hits you from afar with a +0 trident!!
You die...

_____.# _____.#
___...###########++######
#####'##................#
')))'.##......#..#......#
#####.##................+
.......'................+
##'#####......#..#ā—‹.....#
...#..##........@sā—‹.....#
...#))#####'#####s'######
'###))##.......##mm# ##
...#))##.......##o.# ..
...#[[##.......##..# ..
#'##'###...<...##..#### '#
......##.......##..#..### #.##
......##.......##..#ā€ ...##...#
########.......##..)..(..#so.#...


You could see a wolf spider, 2 merfolk, a jumping spider and an orc.

Vanquished Creatures
  A deep elf mage (D)
  A cyclops (D)
  An efreet (D)
  A merfolk (D)
  Grinder (D)
  A redback (D)
  A tarantella (D)
  2 steam dragons (D)
  An acid dragon (D)
  2 water moccasins (D)
  A swamp drake (D)
  An eye of draining (D)
  An orc warrior (D)
  An ogre (D)
  A wight (D)
  A crimson imp (D)
  An iron imp (D)
  An orc wizard (D)
  2 worker ants (D)
  An adder (D)
  A river rat (D)
  An ooze (D)
  5 orcs (D)
  2 bat skeletons (D)
  A bat zombie (D)
  2 jackals (D)
  A frilled lizard (D)
36 creatures vanquished.

Vanquished Creatures (others)
  A bat (D)
1 creature vanquished.

Grand Total: 37 creatures vanquished

Notes
Turn   | Place    | Note
-------+----------+-------------------------------------------
     0 | D        | nuthulu the Troll Monk began the quest for the Orb.
     0 | D        | Reached XP level 1. HP: 22/22 MP: 0/0
    15 | D        | Found a bloodstained altar of Trog.
    15 | D        | Found a deep blue altar of Sif Muna.
    15 | D        | Found a viscous altar of Jiyva.
    15 | D        | Found a hazy altar of Hepliaklqana.
    15 | D        | Found an opulent altar of Gozag.
    16 | D        | Found a glowing golden altar of the Shining One.
    16 | D        | Found a glowing silver altar of Zin.
    16 | D        | Found a basalt altar of Yredelemnul.
    16 | D        | Found a shimmering altar of Xom.
    16 | D        | Found an ornate altar of the Wu Jian Council.
    16 | D        | Found a sacrificial altar of Ru.
    16 | D        | Found a stormy altar of Qazlal.
    16 | D        | Found an iron altar of Okawaru.
    16 | D        | Found a sparkling altar of Nemelex Xobeh.
    16 | D        | Found a burning altar of Makhleb.
    16 | D        | Found a blossoming altar of Fedhas.
    16 | D        | Found a white marble altar of Elyvilon.
    16 | D        | Found a shadowy altar of Dithmenos.
    16 | D        | Found a snail-covered altar of Cheibriados.
    17 | D        | Found a radiant altar of Vehumet.
    17 | D        | Found a corrupted altar of Lugonu.
    17 | D        | Found a roughly hewn altar of Beogh.
    18 | D        | Found a hide-covered altar of Uskayaw.
    18 | D        | Found an ancient bone altar of Kikubaaqudgha.
    18 | D        | Found a shattered altar of Ashenzari.
    21 | D        | Became a worshipper of Qazlal Stormbringer
    21 | D        | Reached * piety under Qazlal
    21 | D        | Reached ** piety under Qazlal
    53 | D        | Noticed a worker ant
    67 | D        | Killed a worker ant
    67 | D        | Reached skill level 4 in Unarmed Combat
    67 | D        | Reached XP level 2. HP: 23/32 MP: 1/1
    95 | D        | Reached XP level 3. HP: 39/39 MP: 2/2
    99 | D        | Reached *** piety under Qazlal
   114 | D        | Noticed a deep elf mage
   117 | D        | Reached skill level 1 in Invocations
   125 | D        | Killed a deep elf mage
   125 | D        | Reached **** piety under Qazlal
   125 | D        | Reached skill level 8 in Unarmed Combat
   125 | D        | Reached skill level 5 in Invocations
   125 | D        | Reached XP level 4. HP: 38/53 MP: 2/7
   125 | D        | Reached XP level 5. HP: 44/61 MP: 2/8
   125 | D        | Reached XP level 6. HP: 49/68 MP: 2/9
   232 | D        | Noticed a water moccasin
   264 | D        | Reached ***** piety under Qazlal
   267 | D        | Killed a water moccasin
   267 | D        | Reached XP level 7. HP: 67/78 MP: 10/10
   329 | D        | Noticed a steam dragon
   333 | D        | Killed a steam dragon
   333 | D        | Reached skill level 9 in Unarmed Combat
   359 | D        | Reached ****** piety under Qazlal
   369 | D        | Noticed a cyclops
   369 | D        | Noticed a tarantella
   373 | D        | Noticed Grinder
   376 | D        | Killed a tarantella
   376 | D        | Reached XP level 8. HP: 78/88 MP: 12/12
   386 | D        | Killed a cyclops
   386 | D        | Reached skill level 10 in Unarmed Combat
   391 | D        | Killed Grinder
   557 | D        | Noticed an efreet
   568 | D        | Killed an efreet
   573 | D        | Reached XP level 9. HP: 53/98 MP: 14/14
   637 | D        | Noticed a merfolk
   637 | D        | Noticed a merfolk
   638 | D        | Noticed a merfolk javelineer
   638 | D        | Noticed a jumping spider
   639 | D        | Noticed a merfolk
   639 | D        | Noticed a wolf spider
   639 | D        | Noticed a merfolk
   640 | D        | Noticed a merfolk impaler
   645 | D        | Reached skill level 11 in Unarmed Combat
   646 | D        | Killed a merfolk
   686 | D        | Mangled by a merfolk

Skill      XL: |  1  2  3  4  5  6  7  8  9 |
---------------+----------------------------+-----
Fighting       | 3 6 7 8 9 |  9.8
Dodging        | 3 6 7 8 9 |  9.8
Unarmed Combat | 4 8 9 10 11 | 11.4
Invocations    | 5 6 7 8 9 |  9.7
Stealth        | |  1.0

Action                   |  1- 3 |  4- 6 |  7- 9 || total
-------------------------+-------+-------+-------++-------
Melee: Unarmed           |    37 |    12 |    54 ||   103
       Punch             |       |     1 |     5 ||     6
Invok: Disaster Area     |       |       |     1 ||     1
  Use: Potion            |       |       |     2 ||     2
 Stab: Sleeping          |     1 |       |       ||     1
  Eat: Chunk             |     2 |       |       ||     2
       Ration            |       |       |     1 ||     1
Armor: Robe              |    14 |       |    14 ||    28
Dodge: Dodged            |    29 |     6 |    28 ||    63
       Deflected         |       |       |     4 ||     4
Block: Other             |     2 |     2 |    22 ||    26
